 Dungeon Crawl Stone Soup version 0.31.0-32-g396128a36d (webtiles) character file.

Game seed: 14682326595125505139

5400 phunky83 the Cleaver (level 10, 0/81 HPs)
             Began as a Minotaur Berserker on Apr 14, 2024.
             Was an Elder of Trog.
             Slain by a hornet (5 damage)
             ... on level 8 of the Dungeon.
             The game lasted 00:16:02 (8387 turns).

phunky83 the Cleaver (Minotaur Berserker)           Turns: 8387, Time: 00:16:03

Health: 0/81       AC:  6    Str: 25    XL:     10   Next: 40%
Magic:  9/9        EV: 13    Int:  6    God:    Trog [****..]
Gold:   28         SH:  9    Dex:  9    Spells: 9/9 levels left

rFire   . . .        j - +1 war axe (flame)
rCold   . . .        y - +0 buckler
rNeg    . . .        h - +0 ring mail
rPois   .            (helmet restricted)
rElec   .            (no cloak)
rCorr   .            (no gloves)
SInv    .            (no boots)
Will    ++...        o - amulet of reflection Stlth
                     (no ring)
HPRegen 1.33/turn    (no ring)
MPRegen 0.11/turn

%: reflection
@: strong-willed, regenerating, slowed, very slow
A: horns 2, retaliatory headbutt, frail 1
a: Renounce Religion, Berserk, Trog's Hand, Brothers in Arms


You were on level 8 of the Dungeon.
You worshipped Trog.
Trog was greatly pleased with you.
You visited 1 branch of the dungeon, and saw 8 of its levels.
You also visited: Sewer and Ossuary.

You collected 459 gold pieces.
You spent 431 gold pieces at shops.

Inventory:

Hand Weapons
 b - the +5 mace "Rax Wagi" {speed, ^Contam rElec rPois rC-}
   (You bought it in a shop on level 2 of the Dungeon)

   rC-:       It makes you vulnerable to cold.
   rElec:     It insulates you from electricity.
   rPois:     It protects you from poison ^Contam: It causes magical
   contamination when unequipped.
 j - a +1 war axe of flaming (weapon)
Missiles
 c - 24 poisoned darts (quivered)
 n - 12 javelins
 p - 4 boomerangs
Armour
 h - a +0 ring mail (worn)
 y - a +0 buckler (worn)
Jewellery
 l - a ring of fire
 o - an amulet of reflection (around neck)
Wands
 a - a wand of flame (7)
 A - a wand of light (10)
 D - a wand of mindburst (3)
Scrolls
 f - a scroll of vulnerability
 g - a scroll of revelation
 m - 2 scrolls of enchant weapon {unknown}
 t - a scroll of butterflies {unknown}
 w - 2 scrolls of blinking {unknown}
 x - a scroll of poison
 z - a scroll of teleportation {unknown}
 B - a scroll of amnesia {unknown}
 C - 2 scrolls of identify
Potions
 d - 8 potions of curing
 e - 2 potions of mutation {unknown}
 i - 2 potions of lignification {unknown}
 k - a potion of enlightenment {unknown}
 q - 3 potions of heal wounds
 r - 2 potions of magic {unknown}
 s - 2 potions of haste {unknown}
 u - a potion of invisibility {unknown}
 v - 4 potions of berserk rage


   Skills:
 + Level 9.0 Fighting
 * Level 11.9 Axes
 + Level 8.5 Armour
 + Level 7.6 Dodging
 + Level 4.0 Shields


You had 9 spell levels left.
You didn't know any spells.
Your spell library was empty.

Dungeon Overview and Level Annotations

Branches:
Dungeon (8/15)             Temple (0/1) D:6           Sewer (visited)
Ossuary (visited)
   Lair: D:8-11

Altars:
Ashenzari
Cheibriados
Hepliaklqana
Makhleb
Ru
Uskayaw
Wu Jian
Yredelemnul

Shops:
D:2 *   D:6 [(

Annotations:
D:5 3 runed translucent doors, diceflayer's ghost, novice MiFi
D:7 1 runed translucent door, hyppocratees's ghost, novice MiBe


Innate Abilities, Weirdness & Mutations

You have a pair of horns on your head.
You reflexively headbutt those who attack you in melee.
You are frail. (-10% HP)


Message History

The centaur shoots an arrow.
You block the arrow with an invisible shield... and reflect it back!
The arrow hits the centaur!
You kill the centaur!
Trog accepts your kill. The hornet barely misses you. You furiously retaliate!
You headbutt the hornet!
The gnoll sergeant hits you from afar with a +0 spear.
Your Shields skill increases to level 4!
Things that are here:
a +0 club; a gnoll corpse
There are monsters nearby!
Unknown command.
You slash the hornet! You burn the hornet.
The hornet is heavily wounded.
The hornet stings you!
You feel yourself slow down. You block the gnoll sergeant's attack.
You barely miss the hornet.
The hornet is heavily wounded.
The hornet stings you!
You feel as though you will be slow longer.
The hornet closely misses you.
The gnoll sergeant hits you from afar with a +0 spear.
You hit the hornet. You burn the hornet.
The hornet is severely wounded.
You slash the two-headed ogre! You burn the two-headed ogre.
The hornet closely misses you.
The gnoll sergeant hits you from afar with a +0 spear.
The two-headed ogre hits you with a +0 giant club!
* * * LOW HITPOINT WARNING * * *
The two-headed ogre barely misses you.
The hornet stings you but does no damage.
Unknown command.
Okay, then.
You feel much better. The hornet stings you!
* * * LOW HITPOINT WARNING * * *
You feel as though you will be slow longer.
The gnoll sergeant hits you from afar with a +0 spear!
* * * LOW HITPOINT WARNING * * *
The hornet stings you.
You die...

#..# #.# ##.# #.#
#.# #.# #.### #.###
#.<.###...# ######
###..####.###$....#.
##.# #.##.g......
#.# #...))...... #.#
###@y....$.. #.#
#O.|...... #..
...?...... ###
....)......
##..........
##.......#.
....#...# ##..##...


You could see a two-headed ogre, a hornet and a gnoll sergeant.

Vanquished Creatures
  Amaemon (D:8)
  An unseen horror zombie (D:7)
  An orange demon (D:8)
  Grinder (D:3)
  Sigmund (D:4)
  4 yaks (D:8)
  A black bear (D:7)
  3 ice beasts
  A centaur (D:8)
  A wolf (D:8)
  A phantom (D:5)
  6 kobold brigands (Sewer)
  2 elf zombies (Ossuary)
  3 bullfrogs
  A necrophage (D:7)
  A gnoll sergeant (D:6)
  5 scorpions
  4 wights (D:7)
  3 bombardier beetles
  3 centaur zombies
  4 hounds
  2 orc priests (D:7)
  2 jellies
  4 human zombies
  4 sleepcaps
  3 iguanas
  5 orc wizards
  4 hound zombies (Ossuary)
  3 mummies
  Robin (D:4)
  2 howler monkey zombies (D:7)
  9 gnolls
  12 adders
  3 river rats (Sewer)
  3 shadow imps
  A white imp (D:7)
  6 adder zombies (Ossuary)
  6 dart slugs
  3 ribbon worms
  11 orcs
  9 endoplasms
  A giant cockroach (D:1)
  15 goblins
  11 hobgoblins
  2 jackals (D:1)
  4 quokkas
  8 ball pythons
  3 bats (D:2)
  4 frilled lizards
  6 gnoll zombies (Ossuary)
  4 jackal zombies (Ossuary)
  8 kobolds
  6 kobold zombies (Ossuary)
  4 orc zombies (Ossuary)
  8 rats
225 creatures vanquished.

Vanquished Creatures (others)
  An orc wizard (D:8)
1 creature vanquished.

Grand Total: 226 creatures vanquished

Notes
Turn   | Place    | Note
-------+----------+-------------------------------------------
     0 | D:1      | phunky83 the Minotaur Berserker began the quest for the
                  | Orb.
     0 | D:1      | Reached XP level 1. HP: 19/19 MP: 0/0
   104 | D:1      | Reached XP level 2. HP: 26/27 MP: 1/1
   173 | D:1      | Reached skill level 4 in Axes
   277 | D:1      | Reached ** piety under Trog
   377 | D:1      | Reached XP level 3. HP: 31/33 MP: 2/2
   408 | D:1      | Found a faded altar of an unknown god.
   988 | D:2      | Found Jeub's Assorted Antiques.
  1533 | D:3      | Found a glowing drain.
  1542 | Sewer    | Entered a sewer
  1591 | Sewer    | Noticed a kobold brigand
  1613 | Sewer    | Killed a kobold brigand
  1614 | Sewer    | Reached skill level 5 in Axes
  1614 | Sewer    | Reached XP level 4. HP: 33/41 MP: 3/3
  1728 | Sewer    | Reached XP level 5. HP: 47/47 MP: 4/4
  1785 | Sewer    | Reached XP level 6. HP: 40/55 MP: 5/5
  2017 | Sewer    | Reached skill level 5 in Fighting
  2017 | Sewer    | Reached skill level 6 in Axes
  2507 | Sewer    | Reached XP level 7. HP: 61/61 MP: 6/6
  2752 | D:3      | Found a broken altar of Ashenzari.
  2899 | D:3      | Noticed Grinder
  2916 | D:3      | Killed Grinder
  2917 | D:3      | Reached skill level 7 in Axes
  2917 | D:3      | Reached skill level 5 in Armour
  3165 | D:3      | Found an ornate altar of the Wu Jian Council.
  3618 | D:4      | Noticed Sigmund
  3647 | D:4      | Killed Sigmund
  3687 | D:4      | Found a snail-covered altar of Cheibriados.
  3735 | D:4      | Noticed Robin
  3739 | D:4      | Reached XP level 8. HP: 70/70 MP: 7/7
  3750 | D:4      | Reached *** piety under Trog
  3752 | D:4      | Killed Robin
  3753 | D:4      | Reached skill level 5 in Dodging
  3899 | D:4      | Reached skill level 8 in Axes
  4020 | D:2      | Bought a brightly glowing mace for 232 gold pieces
  4020 | D:2      | Identified the +5 mace "Rax Wagi" {speed, ^Contam rElec
                  | rPois rC-} (You bought it in a shop on level 2 of the
                  | Dungeon)
  4062 | D:5      | Entered Level 5 of the Dungeon
  4341 | D:5      | Found a hide-covered altar of Uskayaw.
  4374 | D:5      | Found a burning altar of Makhleb.
  4498 | D:5      | Found a runed translucent gate.
  4498 | D:5      | Found a runed translucent gate.
  4499 | D:5      | Found a runed translucent gate.
  4503 | D:5      | Found a hazy altar of Hepliaklqana.
  4604 | D:4      | Reached skill level 9 in Axes
  5055 | D:5      | Noticed diceflayer's ghost (novice MiFi)
  5250 | D:6      | Found a sand-covered staircase.
  5255 | Ossuary  | Entered an ossuary
  5366 | Ossuary  | Reached **** piety under Trog
  5517 | Ossuary  | Reached XP level 9. HP: 64/79 MP: 8/8
  5699 | D:6      | Found a sacrificial altar of Ru.
  5714 | D:6      | Found Oxkufoot's Hydra Hut.
  5731 | D:6      | Noticed a six-headed hydra
  5814 | D:6      | Reached skill level 10 in Axes
  6319 | D:6      | Found a staircase to the Ecumenical Temple.
  6610 | D:6      | Found Bygoj's Armour Emporium.
  6902 | D:7      | Found a runed translucent door.
  6918 | D:7      | Reached skill level 1 in Shields
  7074 | D:7      | Noticed hyppocratees's ghost (novice MiBe)
  7164 | D:7      | Gained mutation: You are frail. (-10% HP) [mutagenic glow]
  7216 | D:7      | Found a basalt altar of Yredelemnul.
  7248 | D:7      | Reached skill level 11 in Axes
  7695 | D:6      | Bought a +1 war axe of flaming for 199 gold pieces
  7791 | D:8      | Reached XP level 10. HP: 81/81 MP: 9/9
  7910 | D:8      | Noticed Amaemon
  7922 | D:8      | Killed Amaemon
  8266 | D:8      | Noticed an orange demon
  8280 | D:8      | Killed an orange demon
  8380 | D:8      | Noticed a two-headed ogre
  8386 | D:8      | HP: 1/81 [two-headed ogre/+0 giant club (16)]
  8387 | D:8      | Slain by a hornet

Illustrated notes

Levels and vault maps discovered:
D:1:      roderic_chinese_lattice_arrival, layout_rooms,
          shapermc_ecumenical_altar_gd, minmay_3d_cube
D:2:      layout_basic, serial_shops, shop
D:3:      layout_loops_ring, overflow_temple_1_default,
          mainiacjoe_overflow_boulevard, portal_sewer_entry_d, uniq_grinder
D:4:      layout_loops_cross, mainiacjoe_overflow_alcove_2, uniq_robin,
          uniq_sigmund
D:5:      layout_basic, nicolae_overflow_crystal_walls,
          mainiacjoe_overflow_tiny_flanked, mainiacjoe_overflow_chevrons,
          ebering_ghost_rock_garden, st_stairs_8
D:6:      layout_basic, mainiacjoe_overflow_alcove_1,
          minmay_temple_entry_junction, serial_rivers,
          chequers_serial_rivers_large_a, chequers_serial_rivers_room_a,
          chequers_serial_rivers_small_a, chequers_serial_rivers_micro_e,
          chequers_serial_rivers_room_b, serial_shops,
          nicolae_shop_just_a_little_nook, enter_ossuary_5,
          doesnt_shop_hydraphobe
D:7:      layout_loops_cross, lemuel_mausoleum_altar_yredelemnul,
          ebering_ghost_reflecting_pool
D:8:      layout_rooms, kennysheep_mini_moat, erik_lair_orcish_takeover,
          uniq_amaemon

Skill      XL: |  1  2  3  4  5  6  7  8  9 10 |
---------------+-------------------------------+-----
Axes           | 4 5 6 7 9 11 | 11.9
Fighting       | 4 5 6 7 8 9 |  9.0
Armour         | 3 4 5 6 8 |  8.5
Dodging        | 3 4 6 7 |  7.6
Shields        | 2 4 |  4.0

Action                     |  1- 3 |  4- 6 |  7- 9 | 10-12 || total
---------------------------+-------+-------+-------+-------++-------
  Melee: Hand axe          |   106 |   112 |    95 |       ||   313
         Headbutt          |    14 |     8 |    96 |     6 ||   124
         Mace              |       |       |   270 |       ||   270
         Punch             |       |       |     1 |       ||     1
         War axe           |       |       |    62 |    47 ||   109
 Invoke: Berserk           |       |     2 |     3 |     1 ||     6
         Trog's Hand       |       |       |     6 |     3 ||     9
    Use: Scroll            |       |       |     8 |       ||     8
         Potion            |       |       |     1 |     1 ||     2
 Armour: Animal skin       |     7 |       |       |       ||     7
         Leather armour    |    12 |       |       |       ||    12
         Ring mail         |    21 |    33 |   164 |    43 ||   261
  Dodge: Dodged            |    51 |    36 |   166 |    33 ||   286
  Block: Other             |     5 |    22 |    49 |       ||    76
         Reflection        |       |       |     3 |     4 ||     7
         Buckler           |       |       |    38 |    22 ||    60
